cohdb
Replays
Latest Replays
All Replays
Popular Replays
Top Player Replays
Match Explorer
How It Works
Community
CoH3 Stats
Reddit
Sign in to upload your games and track your stats! →
Sign in with Steam
Match 39869953
Unlisted
Match 39869953
Overview
Messages
Build Orders
End
Construct Weapon Support Center
Engineer Squad
M1919 Machine Gun Team
Selects Heavy Weapons
M1919 Machine Gun Team
Construct Barracks
Bazooka Squad
Riflemen Squad
Selects M2HB .50cal Heavy Machine Gun
Bazooka Squad
Mechanized Support Center
Construct Tank Depot
Riflemen Squad
M4A1 Sherman Medium Tank
Selects Assault Carriers
Selects Exchangeable Parts
M1919 Machine Gun Team
Designate Forward Repair Station
Construct Motor Pool
Grenade Package
M1 Anti-tank Gun Team
Selects M26 Pershing Heavy Tank
M26 Pershing Heavy Tank
Aceo
Novacaine
sharpshooter
ninjayas
0
0
Comments
sign in to comment!
No comments posted yet!